 Dungeon Crawl Stone Soup version 0.27.1-1-g398f81649c (webtiles) character file.

Game seed: 2466394180387053339

1525 zdrol the Basher (level 8, -3/67 HPs)
             Began as a Minotaur Fighter on Sept 7, 2021.
             Was a Believer of Okawaru.
             Slain by a kobold brigand (4 damage)
             ... in a sewer.
             The game lasted 00:21:47 (5717 turns).

zdrol the Basher (Minotaur Fighter)                 Turns: 5717, Time: 00:21:49

Health: -3/67      AC:  7    Str: 23    XL:     8   Next: 54%
Magic:  7/7        EV:  8    Int:  5    God:    Okawaru [**....]
Gold:   195        SH: 10    Dex: 10    Spells: 7/7 levels left

rFire    . . .     SeeInvis +   o - +2 mace (vorpal)
rCold    . . .     Faith    .   c - +0 kite shield
rNeg     . . .     Spirit   .   b - +0 scale mail
rPois    .         Reflect  .   (helmet restricted)
rElec    .         Harm     .   (no cloak)
rCorr    .         Rampage  .   (no gloves)
Will     .....                  (no boots)
Stlth    ..........             (no amulet)
HPRegen  0.21/turn              p - ring of see invisible
MPRegen  0.10/turn              (no ring)

@: slowed, very slow
A: horns 2, retaliatory headbutt
a: Renounce Religion, Heroism


You were in a sewer.
You worshipped Okawaru.
Okawaru was pleased with you.
You visited 1 branch of the dungeon, and saw 5 of its levels.
You also visited: Sewer.

You collected 195 gold pieces.

Inventory:

Hand Weapons
 a - a +0 flail
 o - a +2 vorpal mace (weapon)
Missiles
 r - 30 poisoned darts
 s - 4 javelins (quivered)
Armour
 b - a +0 scale mail (worn)
 c - a +0 kite shield (worn)
Jewellery
 n - a ring of wizardry
 p - a ring of see invisible (left hand)
Wands
 f - a wand of flame (20)
Scrolls
 i - a scroll of teleportation
 j - a scroll of enchant armour
 m - a scroll of identify
 t - a scroll of enchant weapon
 u - 2 scrolls of fog {unknown}
 v - a scroll of magic mapping {unknown}
Potions
 d - a potion of might
 e - 3 potions of heal wounds
 g - 3 potions of curing
 h - 2 potions of attraction
 k - a potion of magic
 l - a potion of brilliance
 q - a potion of haste {unknown}


   Skills:
 - Level 4.4 Fighting
 * Level 11.5 Maces & Flails
 - Level 0.5 Throwing
 - Level 5.0 Armour
 - Level 1.3 Dodging
 - Level 0.2 Stealth
 - Level 4.5 Shields
 + Level 0.1 Invocations


You had 7 spell levels left.
You didn't know any spells.
Your spell library contained the following spells:

 Spells                   Type           Power      Damage    Failure   Level
 Apportation              Tloc           0%         N/A       99%         1
 Ignite Poison            Fire/Tmut/Pois 0%         N/A       100%        3
 Iskenderun's Mystic Bla  Conj/Tloc      0%         2d3       100%        4
 Olgreb's Toxic Radiance  Pois           0%         N/A       100%        4
 Alistair's Intoxication  Tmut/Pois      0%         N/A       100%        5
 Invisibility             Hex            0%         N/A       100%        6


Dungeon Overview and Level Annotations

Branches:
Dungeon (5/15)              Sewer (1/1)
 Temple: D:4-7

Altars:
Cheibriados
Gozag
Nemelex Xobeh
Okawaru
Ru
Zin

Shops:
D:5 *

Annotations:
D:5 3 runed translucent doors, Rickety's ghost, novice GnFi


Innate Abilities, Weirdness & Mutations

You have a pair of horns on your head.
You reflexively headbutt those who attack you in melee.


Message History

Okawaru accepts your kill.
You feel extremely sick.
Your unstable footing causes you to fumble your attack.
You feel extremely sick.
The kobold brigand completely misses you.
Your unstable footing causes you to fumble your attack.
You feel very sick.
The kobold brigand hits you with a +0 dagger.
* * * LOW HITPOINT WARNING * * *
The kobold brigand splashes around in the water.
Your unstable footing causes you to fumble your attack.
You feel very sick.
The kobold brigand hits you with a +0 dagger.
* * * LOW HITPOINT WARNING * * *
Your unstable footing causes you to fumble your attack.
You feel very sick.
The kobold brigand splashes around in the water.
The kobold brigand hits you with a +0 dagger.
* * * LOW HITPOINT WARNING * * *
You hit the kobold brigand. You headbutt the kobold brigand.
The kobold brigand is heavily wounded.
* * * LOW HITPOINT WARNING * * *
You feel sick.
The kobold brigand splashes around in the water.
You closely miss the kobold brigand.
The kobold brigand is heavily wounded.
* * * LOW HITPOINT WARNING * * *
You feel sick.
The kobold brigand splashes around in the water. x2
You thump the kobold brigand! You headbutt the kobold brigand.
The kobold brigand is almost dead.
* * * LOW HITPOINT WARNING * * *
You feel sick. The kobold brigand barely misses you.
Your unstable footing causes you to fumble your attack.
* * * LOW HITPOINT WARNING * * *
You feel sick.
You are no longer poisoned.
The kobold brigand splashes around in the water.
The kobold brigand hits you with a +0 dagger.
You die...

..#
##.≈≈.#
### .#
##.≈.#
#≈.≈#
#≈≈≈#
##≈≈≈##
#≈..≈.#
#≈###≈#
#≈# #≈#
#@###≈##
#≈K.#≈))#
#≈#≈#≈#≈#
#≈ ≈#≈#≈#
#≈ ≈#≈#≈#
#. .#.#.#
## ######


You could see a kobold brigand.

Vanquished Creatures
  The ghost of chaosape the Grasshopper, an amateur GnWn (D:4)
  Sigmund (D:4)
  Duvessa (D:4)
  2 black bears
  2 kobold brigands (Sewer)
  Dowan (D:4)
  A jelly (D:4)
  A howler monkey (D:4)
  2 centaur zombies (D:4)
  A bullfrog skeleton (D:4)
  Natasha (thrice) (D:2)
  3 iguanas
  3 orc wizards
  A killer bee zombie (D:4)
  A hound skeleton (D:5)
  Robin (D:4)
  4 gnolls (D:4)
  7 adders
  2 river rats (Sewer)
  An adder skeleton (D:4)
  4 worms (Sewer)
  4 dart slugs
  8 orcs
  6 bats
  12 endoplasms
  3 giant cockroaches
  12 goblins
  12 hobgoblins
  7 jackals
  13 kobolds
  6 quokkas
  6 ball pythons
  4 frilled lizards
  10 rats
146 creatures vanquished.

Notes
Turn   | Place    | Note
-------+----------+-------------------------------------------
     0 | D:1      | zdrol the Minotaur Fighter began the quest for the Orb.
     0 | D:1      | Reached XP level 1. HP: 19/19 MP: 0/0
   109 | D:1      | Reached XP level 2. HP: 27/27 MP: 1/1
   254 | D:1      | Got Lapulek's Reference Book on Poisoning and Displacement
   431 | D:1      | Reached XP level 3. HP: 33/33 MP: 2/2
  1068 | D:2      | Reached skill level 3 in Maces & Flails
  1679 | D:2      | Noticed Natasha
  1684 | D:2      | Killed Natasha
  1685 | D:2      | Reached XP level 4. HP: 18/40 MP: 3/3
  1832 | D:2      | Noticed Natasha
  1842 | D:2      | Killed Natasha
  1843 | D:2      | Reached skill level 1 in Dodging
  1883 | D:2      | Noticed Natasha
  1890 | D:2      | Killed Natasha
  1891 | D:2      | Reached skill level 4 in Maces & Flails
  1891 | D:2      | Reached XP level 5. HP: 39/47 MP: 4/4
  2628 | D:3      | Reached skill level 5 in Armour
  2710 | D:3      | Found an iron altar of Okawaru.
  2775 | D:3      | Became a worshipper of Warmaster Okawaru
  2813 | D:3      | Found a sacrificial altar of Ru.
  2814 | D:3      | Found a snail-covered altar of Cheibriados.
  2815 | D:3      | Found a glowing silver altar of Zin.
  2816 | D:3      | Found a sparkling altar of Nemelex Xobeh.
  2963 | D:4      | Noticed a black bear
  2966 | D:4      | Killed a black bear
  2967 | D:4      | Reached skill level 5 in Maces & Flails
  2967 | D:4      | Reached XP level 6. HP: 48/53 MP: 5/5
  3174 | D:4      | Found a runed translucent gate.
  3174 | D:4      | Found a runed translucent gate.
  3174 | D:4      | Found a runed translucent gate.
  3175 | D:4      | Noticed chaosape's ghost (amateur GnWn)
  3200 | D:4      | Reached skill level 6 in Maces & Flails
  3217 | D:4      | Killed chaosape's ghost
  3218 | D:4      | Reached skill level 7 in Maces & Flails
  3218 | D:4      | Reached XP level 7. HP: 54/60 MP: 6/6
  3221 | D:4      | Reached * piety under Okawaru
  3222 | D:4      | Reached skill level 8 in Maces & Flails
  3328 | D:4      | Noticed Robin
  3365 | D:4      | Killed Robin
  3720 | D:4      | Noticed Sigmund
  3729 | D:4      | Killed Sigmund
  3730 | D:4      | Reached skill level 9 in Maces & Flails
  3803 | D:4      | Noticed Duvessa
  3803 | D:4      | Noticed Dowan
  3815 | D:4      | Killed Duvessa
  3816 | D:4      | Reached XP level 8. HP: 23/67 MP: 7/7
  3819 | D:4      | Killed Dowan
  3820 | D:4      | Reached skill level 10 in Maces & Flails
  4701 | D:5      | Entered Level 5 of the Dungeon
  4765 | D:5      | Found a runed translucent gate.
  4765 | D:5      | Found a runed translucent gate.
  4765 | D:5      | Found a runed translucent gate.
  4766 | D:5      | Found an opulent altar of Gozag.
  4771 | D:5      | Noticed Rickety's ghost (novice GnFi)
  4808 | D:5      | Reached ** piety under Okawaru
  4963 | D:5      | Found Sonem's Elemental Accessories.
  5023 | D:5      | Found a glowing drain.
  5028 | Sewer    | Entered a sewer
  5090 | Sewer    | Reached skill level 11 in Maces & Flails
  5715 | Sewer    | HP: 3/67 [poisoned by a kobold brigand (curare-tipped
                  | dart)]
  5717 | Sewer    | HP: 1/67 [poisoned by a kobold brigand (curare-tipped
                  | dart)]
  5717 | Sewer    | Slain by a kobold brigand

Illustrated notes

Levels and vault maps discovered:
D:1:      ebering_trefoil_3fold, layout_basic, serial_park_tiny_2
D:2:      layout_basic, uniq_natasha
D:3:      layout_rooms, okawaru_metal_pillars_1_2, mainiacjoe_overflow_alcove_3,
          chequers_serial_rivers_micro_e
D:4:      layout_gridville, gammafunk_ghost_necromancy, uniq_robin,
          uniq_duvessa, uniq_sigmund
D:5:      layout_gridville, ebering_ghost_gozag, gup_sewer_entry_bowl,
          nicolae_elemental_shop
Sewer:    sewer_co_tree

Skill      XL: |  1  2  3  4  5  6  7  8 |
---------------+-------------------------+-----
Armour         | 4 5 |  5.0
Fighting       | 4 |  4.4
Maces & Flails | 3 4 5 7 9 11 | 11.5
Shields        | 4 |  4.5
Dodging        | 1 |  1.3
Throwing       | |  0.5
Stealth        | |  0.2
Invocations    | |  0.1

Action                   |  1- 3 |  4- 6 |  7- 9 || total
-------------------------+-------+-------+-------++-------
Melee: Flail             |   103 |    38 |       ||   141
       Headbutt          |    17 |    22 |    32 ||    71
       Mace              |       |    43 |   163 ||   206
Throw: Javelin           |       |    20 |    18 ||    38
Invok: Heroism           |       |       |     2 ||     2
  Use: Scroll            |     3 |       |     5 ||     8
       Potion            |       |     1 |       ||     1
Armor: Scale mail        |    56 |    69 |    72 ||   197
Dodge: Dodged            |    34 |    51 |    65 ||   150
Block: Kite shield       |    72 |    75 |    99 ||   246
